 Dungeon Crawl Stone Soup version 0.22.1-1-ga44c0e5 (webtiles) character file.

219 Fang the Chopper (level 5, 0/34 HPs)
             Began as a Gargoyle Berserker on Oct 16, 2018.
             Was a Believer of Trog.
             Slain by Grinder (2 damage)
             ... on level 3 of the Dungeon.
             The game lasted 00:01:55 (2355 turns).

Fang the Chopper (Gargoyle Berserker)               Turns: 2355, Time: 00:01:56

Health: 0/34       AC:  6    Str: 21    XL:     5   Next: 96%
Magic:  14/14      EV: 12    Int:  8    God:    Trog [**....]
Gold:   123        SH:  0    Dex:  9    Spells: 4/4 levels left

rFire    . . .     SeeInvis .   a - +0 hand axe
rCold    . . .     Gourm    .   (no shield)
rNeg     + . .     Faith    .   b - +0 animal skin
rPois    ∞         Spirit   .   (no helmet)
rElec    +         Reflect  .   (no cloak)
rCorr    .         Harm     .   (no gloves)
MR       .....                  (no boots)
Stlth    +.........             (no amulet)
HPRegen  0.11/turn              s - ring of magical power
MPRegen  0.14/turn              (no ring)

@: berserk cooldown, slowed, very slow
A: negative energy resistance 1, electricity resistance, unbreathing,
petrification resistance, rot immunity, AC +4
a: Berserk, Trog's Hand, Renounce Religion


You were on level 3 of the Dungeon.
You worshipped Trog.
Trog was pleased with you.
You were very hungry.

You visited 1 branch of the dungeon, and saw 3 of its levels.

You collected 123 gold pieces.

Inventory:

Hand Weapons
 a - a +0 hand axe (weapon)
Armour
 b - a +0 animal skin (worn)
Jewellery
 s - a ring of magical power (left hand)
Scrolls
 d - 2 scrolls of immolation {unknown}
 f - a scroll of blinking {unknown}
 g - a scroll of random uselessness {unknown}
 h - a scroll of teleportation {unknown}
 i - a scroll of remove curse {unknown}
 j - a scroll of magic mapping {unknown}
 k - 2 scrolls of identify {unknown}
 q - 3 scrolls of fear {unknown}
 r - a scroll of enchant armour {unknown}
 u - 2 scrolls of enchant weapon {unknown}
Potions
 e - a potion of mutation {unknown}
 l - a potion of brilliance {unknown}
 m - a potion of haste {unknown}
 n - 2 potions of cancellation {unknown}
 o - a potion of lignification {unknown}
 t - a potion of magic {unknown}
Comestibles
 c - 8 rations


   Skills:
 + Level 4.5 Fighting
 + Level 4.7 Axes
 + Level 2.3 Armour
 + Level 2.3 Dodging
 + Level 0.8 Stealth


You had 4 spell levels left.
You didn't know any spells.
Your spell library was empty.

Dungeon Overview and Level Annotations

Branches:
Dungeon (3/15)

Altars:
Makhleb

Annotations:
D:3 Grinder


Innate Abilities, Weirdness & Mutations

You are resistant to torment.
Your stone body is resilient. (AC +4)
You are immune to poison.
You resist negative energy. (rN+)
You are resistant to electric shocks. (rElec)
You can survive without breathing.
You are immune to petrification.
You are immune to rotting.


Message History

You are exhausted.
You feel yourself slow down.
Grinder blinks!
Grinder blinks!
Grinder blinks!
Grinder hits you!
* * * LOW HITPOINT WARNING * * *
You writhe in agony.
* * * LOW HITPOINT WARNING * * *
Grinder hits you.
* * * LOW HITPOINT WARNING * * *
Grinder hits you but does no damage. Grinder barely misses you.
Grinder barely misses you. Grinder gestures at you.
Pain shoots through your body!
* * * LOW HITPOINT WARNING * * *
Grinder hits you.
* * * LOW HITPOINT WARNING * * *
You writhe in agony.
You die...

..####..###........#.###
...###..................
................#...#####
####..#.................#
##..###.##..##........
##.....###..#...#####
####..####....##
####.....#.<..#
#.........5@#.###
#.####...........# ##.
#............. #..
#....###)##.#. ##.#
#..÷........# ####..#
#...####.....(#......#
......# #...#
............ .
......#####.###
##.........#.#
.........[..#
#.........#.#


You could see Grinder.

Vanquished Creatures
  Crazy Yiuf (D:2)
  Jessica (D:3)
  A worker ant (D:3)
  A howler monkey zombie (D:3)
  Robin (D:2)
  5 adders
  A worm (D:2)
  2 dart slugs
  4 leopard geckos
  4 orcs (D:3)
  5 bats
  A giant cockroach (D:1)
  9 goblins
  6 hobgoblins
  4 jackals (D:3)
  2 quokkas
  3 frilled lizards
  3 kobolds
  3 rats
57 creatures vanquished.

Notes
Turn   | Place    | Note
-------+----------+-------------------------------------------
     0 | D:1      | Fang the Gargoyle Berserker began the quest for the Orb.
     0 | D:1      | Reached XP level 1. HP: 14/14 MP: 1/1
   103 | D:1      | Reached XP level 2. HP: 19/19 MP: 2/2
   518 | D:2      | Reached XP level 3. HP: 17/24 MP: 3/3
   628 | D:2      | Noticed Robin
   635 | D:2      | Reached ** piety under Trog
   640 | D:2      | Killed Robin
   919 | D:2      | Reached XP level 4. HP: 25/29 MP: 4/4
   933 | D:2      | Found a burning altar of Makhleb.
  1264 | D:2      | Found a runed door.
  1645 | D:2      | Noticed Crazy Yiuf
  1649 | D:2      | Killed Crazy Yiuf
  1746 | D:3      | Reached XP level 5. HP: 28/33 MP: 5/5
  1967 | D:3      | Noticed Jessica
  1981 | D:3      | Killed Jessica
  2321 | D:3      | Noticed Grinder
  2355 | D:3      | Slain by Grinder

Skill      XL: |  1  2  3  4 |
---------------+-------------+-----
Axes           | 3 4 |  4.7
Fighting       | 4 |  4.5
Dodging        | 2 |  2.3
Armour         | |  2.3
Stealth        | |  0.8

Action                   |  1- 3 |  4- 6 || total
-------------------------+-------+-------++-------
Melee: Hand axe          |    79 |   119 ||   198
Invok: Berserk           |     1 |     2 ||     3
 Stab: Sleeping          |     2 |       ||     2
  Eat: Chunk             |     1 |     5 ||     6
Armor: Animal skin       |    23 |    51 ||    74
Dodge: Dodged            |    78 |    93 ||   171
